 Dungeon Crawl Stone Soup version 0.29-a0-286-g41199d4a87 (webtiles) character file.

Game seed: 13826293264502847804

498 Colgate the Vexing (level 6, -3/28 HPs)
             Began as a Spriggan Enchanter on Mar 16, 2022.
             Was an Initiate of Dithmenos.
             Slain by an angel
             ... wielding a +2 whip of holy wrath
             ... created by the Shining One
              (5 damage)
             ... on level 4 of the Dungeon.
             The game lasted 00:16:43 (6364 turns).

Colgate the Vexing (Spriggan Enchanter)             Turns: 6364, Time: 00:16:44

Health: -3/28      AC:  6    Str:  4    XL:     6   Next: 94%
Magic:  0/15       EV: 17    Int: 19    God:    Dithmenos [......]
Gold:   98         SH:  0    Dex: 15    Spells: 5/16 levels left

rFire   . . .      SeeInvis +   a - +0 dagger (elec)
rCold   . . .      Faith    .   q - orb {guile}
rNeg    . . .      Spirit   +   l - +0 robe
rPois   .          Reflect  .   (helmet restricted)
rElec   .          Harm     .   (no cloak)
rCorr   .          Rampage  .   (gloves unavailable)
Will    .....                   (boots unavailable)
Stlth   ++........              d - amulet of guardian spirit
HPRegen 0.09/turn               j - +4 ring of slaying
MPRegen 0.14/turn               p - +4 ring of protection

@: glowing, very quick
A: very small, no large weapons, unfitting armour, see invisible, speed 3
a: Renounce Religion


You were on level 4 of the Dungeon.
You worshipped Dithmenos.
Dithmenos was noncommittal.
You visited 1 branch of the dungeon, and saw 4 of its levels.

You collected 241 gold pieces.
You spent 143 gold pieces at shops.

Inventory:

Hand Weapons
 a - a +0 dagger of electrocution (weapon)
 b - a +2 dagger of speed
Armour
 l - a +0 robe (worn)
 q - an orb of guile (worn)
Magical Staves
 k - a staff of earth
Jewellery
 d - an amulet of guardian spirit (around neck)
 j - a +4 ring of slaying (left hand)
 p - a +4 ring of protection (right hand)
 u - a ring of willpower
Wands
 o - a wand of iceblast (17) {@v2}
Scrolls
 e - 2 scrolls of identify {unknown}
 g - a scroll of holy word {unknown}
 h - 4 scrolls of teleportation {unknown}
 m - a scroll of magic mapping {unknown}
 n - 2 scrolls of torment {unknown}
 t - a scroll of fear {unknown}
 v - a scroll of enchant armour {unknown}
Potions
 c - 3 potions of invisibility
 f - 3 potions of degeneration {unknown}
 i - 2 potions of heal wounds {unknown}
 r - a potion of lignification {unknown}
 s - a potion of curing {unknown}


   Skills:
 - Level 2.0 Short Blades
 - Level 2.6 Dodging
 - Level 6.1 Stealth
 - Level 5.7 Spellcasting
 + Level 7.0 Hexes


You had 5 spell levels left.
You knew the following spells:

 Your Spells              Type           Power      Damage    Failure   Level
a - Ensorcelled Hibernat  Hex/Ice        36%        N/A       4%          2
b - Tukima's Dance        Hex            32%        N/A       1%          3
c - Confusing Touch       Hex            32%        N/A       1%          3
d - Dazzling Flash        Conj/Hex       36%        N/A       9%          3

Your spell library contained the following spells:

 Spells                   Type           Power      Damage    Failure   Level


Dungeon Overview and Level Annotations

Branches:
Dungeon (4/15)             Temple (0/1) D:4

Altars:
Dithmenos
Vehumet
The Shining One

Shops:
D:1 [


Innate Abilities, Weirdness & Mutations

You are very small and have problems with some larger weapons.
You are too small for most types of armour.
You have supernaturally acute eyesight. (SInv)
You cover ground extremely quickly. (Speed+++)


Message History

HP restored.
Done exploring.
You climb downwards.
There is a stone staircase leading up here.
Here: a daeva, wielding a +5 eudemon blade of holy wrath and wearing a +0 tower shield (wandering, durably summoned, hasn't noticed you, haloed)
The floor.
There is an escape hatch in the ceiling here.
Things that are here:
a +0 leather armour; a +0 hand axe
Things that are here:
a +0 leather armour; a +0 hand axe
Found a dagger.
You see here a +0 dagger.
Here: a daeva, wielding a +5 eudemon blade of holy wrath and wearing a +0 tower shield (wandering, durably summoned, hasn't noticed you, haloed)
The floor.
Unknown command.
Unknown command.
Aiming: Ensorcelled Hibernation (safe; 4% risk of failure)
Aim: a daeva, wielding a +5 eudemon blade of holy wrath and wearing a +0 tower shield (wandering, durably summoned, hasn't noticed you, haloed, chance to affect: 19%)
Okay, then.
Unknown command.
A daeva is nearby!
Aiming: Ensorcelled Hibernation (safe; 4% risk of failure)
Aim: a daeva, wielding a +5 eudemon blade of holy wrath and wearing a +0 tower shield (wandering, durably summoned, hasn't noticed you, haloed, chance to affect: 19%)
You miscast Ensorcelled Hibernation.
You are very lightly contaminated with residual magic.
Nothing appears to happen.
The daeva shouts!
The daeva calls down the wrath of the Shining One upon you.
The Shining One smites you!
The Shining One sends the divine host to punish you for your evil ways!
An angel and a daeva come into view.
The angel is wielding a +2 whip of holy wrath.
The daeva is wielding a +4 scimitar of holy wrath.
Your magical contamination has completely faded away.
You see here a +0 dagger.
The angel hits you with a +2 whip of holy wrath!!
Ouch! That really hurt!
* * * LOW HITPOINT WARNING * * *
The angel hits you with a +2 whip of holy wrath!
You die...

#.# #..#
#.# #..#
##.##
#..#
###...#
##..#
.##...#
#...#
......#
#...##
......#
##...##
......#
#..AA###
......#
###.@..##
......#
##....#
..##..#
##.).#
..##..#
##.##
.###..#
#.# ##
##.# #.#
# #.# #.#
# #.# #.#
## ###
#.#


You could see a daeva and an angel.

Vanquished Creatures
  A black bear (D:4)
  A scorpion (D:4)
  2 orc priests
  Ijyb (D:3)
  Natasha (thrice) (D:3)
  7 adders
  An ufetubus (D:3)
  3 worms (D:2)
  6 dart slugs
  11 orcs
  8 bats
  5 endoplasms
  4 giant cockroaches
  11 hobgoblins
  7 jackals
  2 quokkas (D:3)
  7 ball pythons
  6 frilled lizards
  7 goblins
  8 kobolds
  3 rats
104 creatures vanquished.

Vanquished Creatures (others)
  A plant (D:1)
1 creature vanquished.

Grand Total: 105 creatures vanquished

Notes
Turn   | Place    | Note
-------+----------+-------------------------------------------
     0 | D:1      | Colgate the Spriggan Enchanter began the quest for the Orb.
     0 | D:1      | Reached XP level 1. HP: 9/9 MP: 5/5
   164 | D:1      | Reached skill level 4 in Hexes
   610 | D:1      | Reached XP level 2. HP: 13/13 MP: 6/6
   636 | D:1      | Learned a level 2 spell: Ensorcelled Hibernation
   928 | D:1      | Reached skill level 5 in Hexes
   998 | D:1      | Found a faded altar of an unknown god.
  1006 | D:1      | Reached XP level 3. HP: 16/16 MP: 2/8
  1038 | D:1      | Prayed at the altar of an unknown god.
  1038 | D:1      | Became a worshipper of the Shining One
  1038 | D:1      | Reached * piety under the Shining One
  1227 | D:1      | Fell from the grace of the Shining One
  1546 | D:1      | Found Lukkuv's Armour Boutique.
  1620 | D:2      | Learned a level 3 spell: Tukima's Dance
  2792 | D:2      | Reached skill level 6 in Hexes
  2792 | D:2      | Reached XP level 4. HP: 21/21 MP: 6/9
  2796 | D:2      | Learned a level 3 spell: Confusing Touch
  3807 | D:3      | Reached XP level 5. HP: 24/24 MP: 8/10
  4077 | D:1      | Bought an orb of guile for 143 gold pieces
  4224 | D:3      | Noticed Natasha
  4231 | D:3      | Killed Natasha
  4374 | D:3      | Found a shadowy altar of Dithmenos.
  4375 | D:3      | Noticed Natasha
  4442 | D:3      | Noticed Ijyb
  4550 | D:3      | Reached skill level 7 in Hexes
  4635 | D:3      | Found a radiant altar of Vehumet.
  4643 | D:3      | Killed Natasha
  4688 | D:3      | Killed Ijyb
  4830 | D:3      | Noticed Natasha
  4839 | D:3      | Reached XP level 6. HP: 25/28 MP: 5/13
  4844 | D:3      | Killed Natasha
  4863 | D:3      | Became a worshipper of Dithmenos the Shadowed
  5312 | D:4      | Learned a level 3 spell: Dazzling Flash
  5400 | D:4      | Reached skill level 5 in Spellcasting
  5542 | D:4      | Found a staircase to the Ecumenical Temple.
  5654 | D:4      | Reached skill level 5 in Stealth
  6129 | D:4      | Noticed a daeva
  6129 | D:4      | Noticed a daeva
  6129 | D:4      | Noticed a daeva
  6360 | D:4      | Noticed an angel
  6360 | D:4      | Noticed a daeva
  6364 | D:4      | Slain by an angel

Illustrated notes

Levels and vault maps discovered:
D:1:      onia_arrival_mini_maze_b, layout_rooms, serial_shops,
          nicolae_lakefront_shop, shapermc_ecumenical_altar_mp_ritualfount
D:2:      wad_river_or_something, layout_rooms, palyth_stone_intersect,
          minmay_tromino_v4_a
D:3:      layout_loops_ring, mainiacjoe_overflow_catwalk_spiral,
          kennysheep_another_room, uniq_natasha, uniq_ijyb
D:4:      layout_layer_cave, mainiacjoe_overflow_24_doors,
          minmay_temple_entry_ruins

Skill      XL: |  1  2  3  4  5  6 |
---------------+-------------------+-----
Hexes          | 4 5 6 7 |  7.0
Short Blades   | 2 |  2.0
Spellcasting   | 3 4 5 |  5.7
Stealth        | 6 |  6.1
Dodging        | |  2.6

Action                   |  1- 3 |  4- 6 || total
-------------------------+-------+-------++-------
Melee: Dagger            |   135 |    66 ||   201
       Punch             |     2 |       ||     2
 Cast: Ensorcelled Hiber |    35 |    66 ||   101
       Confusing Touch   |       |     2 ||     2
Invok: Renounce Religion |     1 |       ||     1
 Stab: Sleeping          |    29 |    51 ||    80
Armor: Robe              |    17 |     7 ||    24
Dodge: Dodged            |   117 |    47 ||   164

Table legend: (Time is in decaauts)
 A = Elapsed time spent in this place.
 B = Non-inter-level travel time spent in this place.
 C = Inter-level travel time spent in this place.
 D = Time resting spent in this place.
 E = Time spent auto-exploring this place.
 F = Levels seen in this place.
 G = Mean time per level.
                   A        B        C        D        E       F      G
               +--------+--------+--------+--------+--------+-----+--------+
         Total |   5102 |   4899 |    203 |    625 |   3432 |   4 | 1275.5 |
       Dungeon |   5102 |   4899 |    203 |    625 |   3432 |   4 | 1275.5 |
               +--------+--------+--------+--------+--------+-----+--------+

Top non-repeatable levels by time:
     D:1: 1815 daAuts
     D:2: 1412 daAuts
     D:3: 1271 daAuts
     D:4: 603 daAuts
